 Dungeon Crawl Stone Soup version 0.16-a0-110-ge8ded92 (webtiles) character file.

30555 Ratboiler the Severer (level 13, -1/172 HPs)
             Began as a Hill Orc Gladiator on Aug 9, 2014.
             Was a High Priest of Okawaru.
             Slain by a soul eater (3 damage)
             ... summoned by an orc high priest
             ... on Level 4 of the Orcish Mines.
             The game lasted 01:59:14 (23313 turns).

Ratboiler the Severer (Hill Orc Gladiator)         Turns: 23313, Time: 01:59:14

HP  -1/172       AC 23     Str 24      XL: 13   Next: 52%
MP  19/21        EV 17     Int  8      God: Okawaru [*****.]
Gold 1062        SH  6     Dex 15      Spells:  0 memorised, 12 levels left

rFire  + . .     SeeInvis .     a - +2 broad axe (elec)
rCold  . . .     Clarity  .     c - +3 plate armour {rF+}
rNeg   . . .     rCorr    .     R - +0 buckler
rPois  +         rRot     .     A - +2 hat {MR+}
rElec  .         Spirit   .     L - +1 cloak
SustAb .         Warding  .     (no gloves)
rMut   +         Stasis   .     (no boots)
Gourm  .                        E - amulet of resist mutation
MR     +....                    K - ring of poison resistance
                                X - +6 ring of evasion

@: berserking, heroism, drained, very quick, somewhat resistant to hostile
enchantments, extremely unstealthy
A: no striking features
a: Heroism, Finesse, Renounce Religion, Convert to Beogh


You were on level 4 of the Orcish Mines.
You worshipped Okawaru.
Okawaru was extremely pleased with you.
You were not hungry.

You visited 3 branches of the dungeon, and saw 17 of its levels.
You also visited: Labyrinth, Sewer, Ossuary and Bailey.

You collected 2311 gold pieces.
You spent 1249 gold pieces at shops.

Inventory:

Hand weapons
 a - a +2 broad axe of electrocution (weapon)
 b - a cursed +0 blowgun
 m - a +7 war axe of draining
Missiles
 l - 8 tomahawks of dispersal
 x - 14 javelins of penetration
 y - 12 javelins of returning
 C - 35 tomahawks of returning (quivered)
 F - 13 poisoned tomahawks
 I - 5 poisoned javelins
 N - 35 poisoned needles
 Q - 6 throwing nets
 S - 11 silver javelins
 Y - 5 steel tomahawks
Armour
 c - a +3 plate armour of fire resistance (worn)
 u - a +0 large shield of fire resistance
 A - a +2 hat of magic resistance (worn)
 L - a +1 cloak (worn)
 R - a +0 buckler (worn)
Magical devices
 d - a wand of magic darts (2)
 n - a wand of flame (17)
 r - a wand of flame (8)
 D - a wand of fire (8)
 H - a wand of slowing (19)
 J - a wand of slowing (19)
 M - a wand of fireball (3)
Comestibles
 f - 9 meat rations
 T - 5 bread rations
Scrolls
 k - 2 scrolls of remove curse
 o - 3 scrolls of teleportation
 t - a scroll of amnesia
 z - a scroll of magic mapping
 B - a scroll of fear
 G - a scroll of identify
 V - a scroll of vulnerability
Jewellery
 e - an uncursed ring of protection from magic
 q - the cursed ring "Coneotod" {+Blink rElec SInv}
   (You bought it in a shop on level 4 of the Orcish Mines)

   [ring of see invisible]

   It insulates you from electricity.
   It enhances your eyesight.
   It lets you blink.
   It has a curse placed upon it.
 E - an amulet of resist mutation (around neck)
 K - a ring of poison resistance (right hand)
 U - an uncursed ring of protection from cold
 X - a +6 ring of evasion (left hand)
Potions
 g - a potion of flight
 h - 2 potions of restore abilities
 i - 4 potions of might
 j - a potion of magic
 p - 2 potions of agility
 v - a potion of invisibility
 w - 4 potions of curing
Miscellaneous
 W - a box of beasts


   Skills:
 + Level 10.8(14.9) Fighting
 * Level 16.2(20.3) Axes
 - Level 10.0(14.1) Throwing
 - Level 9.0(13.2) Armour
 + Level 8.4(12.6) Dodging
 + Level 3.1(7.4) Shields
 + Level 4.8(4.1) Invocations


You had 12 spell levels left.
You didn't know any spells.

Dungeon Overview and Level Annotations

Branches:
Dungeon (11/15)            Temple (0/1) D:5             Orc (4/4) D:11
   Lair (2/8) D:8
    Elf: Orc:3-4

Altars:
Makhleb
Okawaru
Vehumet
Xom
The Shining One
Beogh

Shops:
Orc:4 =*[(

Annotations:
D:7 namelastname112's ghost, experienced DrMo


Message History

Read which item? (? for menu, Esc to quit)
Okay, then.
Drink which item? (? for menu, Esc to quit)
A red film seems to cover your vision as you go berserk!
You feel yourself moving faster!
You feel mighty! The sun demon closely misses you.
The soul eater hits you but does no damage.
The red devil hits you from afar with a glowing demon trident.
* * * LOW HITPOINT WARNING * * *
You feel drained.
* * * LOW HITPOINT WARNING * * *
You feel a strong urge to attack something.
You block the sun demon's attack. The orc warrior misses you.
The orc high priest invokes the aid of Beogh against you.
Something smites you!
* * * LOW HITPOINT WARNING * * *
The soul eater hits you!
* * * LOW HITPOINT WARNING * * *
You feel drained.
You die...

##. #.. ### #### #####
########### .....##∩).##
##:[∩##.....
......##∩..###..∩##......
.......##...#...##.......
#....4o.###...###.......#
#......@..............#
##...o33..........)..#
#..###........)###))# #.
#.........# #..# #
#.........# #.)#
#....⌠....# #).#
#.........# #..#
#.........# #..#
#......)..###).#


You could see a soul eater, an orc high priest, a sun demon, a red devil and an
orc warrior.

Vanquished Creatures
  An orc warlord (Orc:4)
  A minotaur (Lab)
  3 orc high priests (Orc:4)
  Nergalle (D:11)
  3 orc knights (Orc:4)
  2 hill giants
  The ghost of haldagan the Unseen, a powerful NaAs of Dithmenos (Bailey)
  An ugly thing (D:11)
  4 orc sorcerers (Orc:4)
  3 manticores (D:9)
  A cyclops (D:11)
  Maurice (Orc:1)
  A queen ant (Lair:1)
  A gargoyle (D:10)
  A komodo dragon (D:8)
  A spiny frog (Lair:1)
  4 kobold demonologists (D:11)
  A merfolk (D:9)
  Prince Ribbit (D:5)
  4 trolls (D:9)
  2 two-headed ogres (D:11)
  A spriggan (D:7)
  Eustachio (Orc:1)
  The ghost of Ratboiler the Chopper, an average HOGl (D:4)
  5 wyverns
  5 yaks
  4 hippogriffs
  A hog (D:9)
  2 hungry ghosts
  6 soldier ants (Lair:1)
  A warg (Orc:4)
  Menkaure (D:6)
  2 water moccasins
  2 porcupines (Lair:1)
  3 ice beasts
  5 sky beasts
  9 centaurs
  A phantom (D:5)
  6 black bears (D:9)
  31 orc warriors
  6 ogres
  3 big kobolds
  Sigmund (D:4)
  Duvessa (D:5)
  A crocodile (D:9)
  5 gnoll sergeants
  9 giant frogs
  2 scorpions
  A cyclops skeleton (D:10)
  24 killer bees
  6 crimson imps
  2 goliath beetles
  7 electric eels (D:9)
  Dowan (D:5)
  6 jellies
  4 iguanas
  5 hounds
  A quasit (D:9)
  Crazy Yiuf (D:5)
  22 orc priests
  A giant frog skeleton (D:8)
  35 worker ants
  3 gnoll shamans (D:9)
  An iron imp (D:11)
  27 orc wizards
  5 sheep (D:9)
  2 hound zombies
  8 mummies (Ossuary)
  A worker ant zombie (D:10)
  21 gnolls
  5 green rats (Sewer)
  2 orc zombies (Orc:4)
  16 adders
  An inept item mimic (D:4)
  An inept feature mimic (D:4)
  4 shadow imps
  A white imp (D:11)
  6 worms
  2 giant mites (D:4)
  An adder skeleton (D:8)
  An iguana skeleton (D:11)
  An ooze (D:7)
  93 orcs
  12 bats
  A bat zombie (D:8)
  8 giant cockroaches
  A gnoll zombie (Ossuary)
  19 goblins
  24 hobgoblins
  9 jackals
  7 quokkas
  8 ball pythons
  6 giant geckos
  A giant newt (D:5)
  3 goblin skeletons (D:4)
  A goblin zombie (D:4)
  2 hobgoblin skeletons
  10 hobgoblin zombies
  38 kobolds
  A kobold skeleton (D:4)
  A kobold zombie (Ossuary)
  A quokka skeleton (D:7)
  19 rats
  4 ballistomycetes (D:9)
  7 plants (D:9)
654 creatures vanquished.

Vanquished Creatures (others)
  5 giant spores (D:9)
  A ballistomycete (D:9)
  12 plants (D:8)
18 creatures vanquished.

Grand Total: 672 creatures vanquished

Notes
Turn   | Place    | Note
--------------------------------------------------------------
     0 | D:1      | Ratboiler, the Hill Orc Gladiator, began the quest for the Orb.
     0 | D:1      | Reached XP level 1. HP: 18/18 MP: 1/1
   431 | D:1      | Reached XP level 2. HP: 25/25 MP: 2/2
   981 | D:2      | Found an iron altar of Okawaru.
   984 | D:2      | Reached XP level 3. HP: 27/30 MP: 3/3
   991 | D:2      | Became a worshipper of Warmaster Okawaru
  1165 | D:2      | Reached skill level 5 in Axes
  1684 | D:3      | Reached XP level 4. HP: 14/37 MP: 4/4
  2810 | D:3      | Reached skill level 1 in Armour
  3345 | D:4      | Reached XP level 5. HP: 42/44 MP: 5/5
  3397 | D:4      | Found a glowing drain.
  3461 | Sewer    | Entered a sewer
  3484 | Sewer    | Reached skill level 6 in Axes
  3728 | Sewer    | Reached XP level 6. HP: 40/51 MP: 6/6
  4096 | D:4      | Found a glowing golden altar of the Shining One.
  4127 | D:4      | Noticed an ogre
  4128 | D:4      | Noticed an ogre
  4162 | D:4      | Killed an ogre
  4232 | D:4      | Noticed Sigmund
  4304 | D:4      | Noticed Ratboiler's ghost (average HOGl)
  4339 | D:3      | Reached skill level 7 in Axes
  4446 | D:3      | Reached XP level 7. HP: 49/58 MP: 7/7
  4810 | D:5      | Entered Level 5 of the Dungeon
  5001 | D:5      | Noticed Dowan
  5010 | D:5      | Noticed Prince Ribbit
  5026 | D:5      | Killed Prince Ribbit
  5026 | D:5      | Acquired Okawaru's first power
  5160 | D:5      | Killed Dowan
  5305 | D:5      | Reached skill level 8 in Axes
  5305 | D:5      | Reached XP level 8. HP: 29/67 MP: 5/8
  5325 | D:5      | Reached skill level 1 in Invocations
  5358 | D:5      | Noticed Duvessa
  5398 | D:5      | Killed Duvessa
  5398 | D:5      | Reached skill level 5 in Fighting
  5536 | D:4      | Noticed an ogre
  6040 | D:5      | Noticed Crazy Yiuf
  6057 | D:5      | Killed Crazy Yiuf
  6116 | D:5      | Found a staircase to the Ecumenical Temple.
  6430 | D:5      | Noticed a steam dragon
  6431 | D:5      | Noticed a steam dragon
  6766 | D:4      | Killed Sigmund
  6834 | D:4      | Killed Ratboiler's ghost
  6834 | D:4      | Reached skill level 9 in Axes
  7057 | D:4      | Noticed an ogre
  7096 | D:4      | Killed an ogre
  7165 | D:4      | Noticed an ogre
  7180 | D:4      | Killed an ogre
  7446 | D:4      | Reached XP level 9. HP: 72/74 MP: 14/14
  7490 | D:4      | Killed an ogre
  7606 | D:4      | Killed an ogre
  7855 | D:6      | Reached skill level 5 in Throwing
  8007 | D:6      | Noticed Menkaure
  8015 | D:6      | Killed Menkaure
  8015 | D:6      | Reached skill level 10 in Axes
  8220 | D:6      | Found a sand-covered staircase.
  8226 | Ossuary  | Entered an ossuary
  9083 | D:7      | Noticed namelastname112's ghost (experienced DrMo)
  9425 | D:7      | Reached skill level 5 in Dodging
  9566 | D:7      | Reached skill level 5 in Armour
  9690 | D:7      | Reached skill level 11 in Axes
  9704 | D:7      | Received a gift from Okawaru
 10094 | D:7      | Reached XP level 10. HP: 68/84 MP: 16/16
 10927 | D:8      | Received a gift from Okawaru
 11659 | D:8      | Found a staircase to the Lair.
 12022 | Lair:1   | Entered Level 1 of the Lair of Beasts
 12119 | Lair:1   | Reached skill level 12 in Axes
 12197 | Lair:1   | Noticed a four-headed hydra
 12226 | Lair:2   | Noticed an eight-headed hydra
 12724 | Lair:1   | Received a gift from Okawaru
 12896 | Lair:1   | Reached XP level 11. HP: 70/94 MP: 17/17
 13040 | Lair:1   | Received a gift from Okawaru
 13366 | Lair:1   | Noticed a six-headed hydra
 13558 | D:9      | Reached skill level 13 in Axes
 14297 | D:9      | Upgraded the game from 0.16-a0-100-g0188e4c to 0.16-a0-110-ge8ded92
 15282 | D:9      | Received a gift from Okawaru
 16103 | D:9      | Received a gift from Okawaru
 16103 | D:9      | Reached skill level 14 in Axes
 16799 | D:9      | Found a shimmering altar of Xom.
 16861 | D:9      | Received a gift from Okawaru
 17273 | D:10     | Entered Level 10 of the Dungeon
 17299 | D:10     | Noticed a hill giant
 17326 | D:10     | Killed a hill giant
 17326 | D:10     | Reached XP level 12. HP: 104/104 MP: 18/18
 18649 | D:11     | Received a gift from Okawaru
 18814 | D:11     | Found a labyrinth entrance.
 18837 | Lab      | Entered a labyrinth
 19118 | Lab      | Noticed a minotaur
 19140 | Lab      | Killed a minotaur
 19457 | D:11     | Noticed Nergalle
 19462 | D:11     | Noticed a spectral orc warlord
 19625 | D:11     | Killed Nergalle
 19625 | D:11     | Reached skill level 15 in Axes
 19812 | D:11     | Reached skill level 10 in Fighting
 19858 | D:11     | Received a gift from Okawaru
 20134 | D:11     | Received a gift from Okawaru
 20276 | D:11     | Found a staircase to the Orcish Mines.
 20281 | Orc:1    | Entered Level 1 of the Orcish Mines
 20462 | Orc:1    | Found a burning altar of Makhleb.
 20465 | Orc:1    | Noticed Eustachio
 20474 | Orc:1    | Killed Eustachio
 20554 | Orc:1    | Noticed Maurice
 20606 | Orc:1    | Killed Maurice
 20805 | Orc:2    | Found a radiant altar of Vehumet.
 20866 | Orc:2    | Found a roughly hewn altar of Beogh.
 21037 | Orc:3    | Found a flagged portal.
 21065 | Bailey   | Entered a bailey
 21069 | Bailey   | Noticed haldagan's ghost (powerful NaAs)
 21094 | Bailey   | Killed haldagan's ghost
 21177 | Bailey   | Received a gift from Okawaru
 21915 | Orc:4    | Entered Level 4 of the Orcish Mines
 22076 | Orc:4    | Noticed an orc high priest
 22092 | Orc:4    | Reached XP level 13. HP: 111/113 MP: 19/19
 22112 | Orc:4    | Reached skill level 10 in Throwing
 22114 | Orc:4    | Noticed an orc warlord
 22139 | Orc:4    | Killed an orc warlord
 22139 | Orc:4    | Reached skill level 1 in Shields
 22173 | Orc:4    | Acquired Okawaru's second power
 22341 | Orc:4    | Killed an orc high priest
 22425 | Orc:4    | Received a gift from Okawaru
 22581 | Orc:4    | Reached skill level 16 in Axes
 22944 | Orc:4    | Noticed an orc high priest
 22953 | Orc:4    | Noticed an orc high priest
 22958 | Orc:4    | Killed an orc high priest
 22966 | Orc:4    | Killed an orc high priest
 23172 | Orc:4    | Received a gift from Okawaru
 23198 | Orc:4    | Found Ohifoiro's General Store.
 23198 | Orc:4    | Found Giul's Jewellery Shoppe.
 23200 | Orc:4    | Found Nuehaf's Antique Armour Emporium.
 23200 | Orc:4    | Found Haohy's Antique Weapon Emporium.
 23226 | Orc:4    | Bought a crude plate armour for 616 gold pieces
 23228 | Orc:4    | Bought an ebony broad axe for 270 gold pieces
 23238 | Orc:4    | Bought the cursed ring "Coneotod" {+Blink rElec SInv} for 363 gold pieces
 23268 | Orc:4    | Identified the +9 plate armour of the Storm King {Str-5 Int+2} (You bought it in a shop on level 4 of the Orcish Mines)
 23286 | Orc:4    | Identified the cursed +0 broad axe of Dissolution {freeze, Str+3} (You bought it in a shop on level 4 of the Orcish Mines)
 23298 | Orc:4    | Noticed an orc high priest
 23313 | Orc:4    | HP: 2/172 [soul eater[an orc high priest] (10)]
 23313 | Orc:4    | Slain by a soul eater

Action                   |  1- 3 |  4- 6 |  7- 9 | 10-12 | 13-15 || total
-------------------------+-------+-------+-------+-------+-------++-------
Melee: War axe           |   145 |   227 |   430 |  1447 |   163 ||  2412
       Broad axe         |       |       |       |       |     5 ||     5
 Fire: Blowgun           |       |     7 |    59 |       |       ||    66
Throw: Throwing net      |       |       |     2 |       |       ||     2
       Tomahawk          |       |       |       |    53 |    51 ||   104
Invok: Heroism           |       |       |     5 |    21 |     7 ||    33
Evoke: Wand              |       |     1 |     2 |     5 |     1 ||     9
  Use: Potion            |     2 |     2 |     5 |     7 |     6 ||    22
       Scroll            |       |     5 |    11 |    15 |     1 ||    32
 Stab: Distracted        |       |       |     1 |       |       ||     1
  Eat: Chunk             |     2 |     2 |    13 |    30 |     1 ||    48
       Bread ration      |       |     1 |     1 |       |     1 ||     3
       Beef jerky        |       |     1 |       |     3 |       ||     4
       Pizza             |       |     1 |       |       |       ||     1
       Fruit             |       |       |     2 |     8 |       ||    10
       Royal jelly       |       |       |       |     1 |       ||     1
